TOP OF THE 1ST |
Temiskaming District Secondary School Saints batting - Pitching for Jeffersonville-Youngsville Central HS Trojans : RHP John Ashe
|
Pitching: RHP John Ashe
|
|
Batting: RHB George Gardner
|
0-0: Ball 1-0: Foul Ball, location: 2F 1-1: Ball 2-1: Foul Ball, location: 2F 2-2: Foul Ball, location: 2F 2-2: Strikes out looking
|
Batting: RHB Beau McNeill
|
0-0: Ground out 4-3 (Groundball, 4)
|
Batting: RHB Fred Moulds
|
0-0: Ball 1-0: Swinging Strike 1-1: Ball 2-1: SOLO HOME RUN (Flyball, 7D), Distance : 404 ft
|
Batting: RHB Walt Miller
|
0-0: SINGLE (Flyball, 6MD)
|
Batting: LHB Carlos Músquez
|
0-0: Fly out, F7 (Flyball, 78M)
|
Top of the 1st over - 1 run(s), 2 hit(s), 0 error(s), 1 left on base; Temiskaming District Secondary School 1 - Jeffersonville-Youngsville Central HS 0 |
BOTTOM OF THE 1ST |
Jeffersonville-Youngsville Central HS Trojans batting - Pitching for Temiskaming District Secondary School Saints : RHP Steve Harris
|
Pitching: RHP Steve Harris
|
|
Batting: RHB Albert Smedley
|
0-0: Ball 1-0: Ball 2-0: Ground out 4-3 (Groundball, 4)
|
Batting: SHB Marvin MacGeoch
|
0-0: Called Strike 0-1: Ground out 1-3 (Groundball, 15)
|
Batting: LHB Abel Wheeler
|
0-0: Called Strike 0-1: Foul Ball, location: 2F 0-2: Strikes out swinging
|
Bottom of the 1st over - 0 run(s), 0 hit(s), 0 error(s), 0 left on base; Temiskaming District Secondary School 1 - Jeffersonville-Youngsville Central HS 0 |
TOP OF THE 2ND |
Temiskaming District Secondary School Saints batting - Pitching for Jeffersonville-Youngsville Central HS Trojans : RHP John Ashe
|
Batting: RHB Bob Ferguson
|
0-0: Ball 1-0: Swinging Strike 1-1: SOLO HOME RUN (Flyball, 7D), Distance : 378 ft
|
Batting: RHB John Weber
|
0-0: SINGLE (Line Drive, 6MD)
|
Batting: RHB Elliott Short
|
0-0: Called Strike 0-1: Ball 1-1: Called Strike John Weber is caught stealing 2nd base 1-2: SINGLE (Groundball, 4M)
|
Batting: RHB José Ramírez
|
0-0: Foul Ball, location: 2F 0-1: Ball 1-1: Ball 2-1: Foul Ball, location: 2F 2-2: Grounds into double play, 6-4-3 (Groundball, 6)
|
Top of the 2nd over - 1 run(s), 3 hit(s), 0 error(s), 0 left on base; Temiskaming District Secondary School 2 - Jeffersonville-Youngsville Central HS 0 |
BOTTOM OF THE 2ND |
Jeffersonville-Youngsville Central HS Trojans batting - Pitching for Temiskaming District Secondary School Saints : RHP Steve Harris
|
Batting: LHB Allen Boyd
|
0-0: Ball 1-0: Ball 2-0: SINGLE (Groundball, 3L)
|
Batting: RHB Tim Richard
|
0-0: Ball 1-0: Foul Ball, location: 2F 1-1: Ball Error on foul ball, E7 2-2: Foul Ball, location: 2F 2-2: Ball 3-2: Strikes out swinging
|
Batting: RHB Carlos Rosa
|
0-0: Ball 1-0: SINGLE (Groundball, 56) Allen Boyd to second
|
Batting: RHB William Gilmore
|
0-0: Foul Ball, location: 2F 0-1: Foul Ball, location: 2F 0-2: Ball 1-2: Foul Ball, location: 2F 1-2: Ball 2-2: Foul Ball, location: 2F 2-2: Strikes out swinging
|
Batting: RHB Mike Weeks
|
0-0: Ball 1-0: Ball 2-0: SINGLE (Flyball, 6MD) Allen Boyd to third Carlos Rosa to second Runner from 3rd tries for Home, SAFE, no throw or cutoff
|
Batting: LHB Roberto Martínez
|
0-0: SINGLE (Line Drive, 78M) Carlos Rosa to third Mike Weeks to second Runner from 3rd tries for Home, SAFE, no throw or cutoff
|
Batting: RHB Albert Smedley
|
0-0: Called Strike 0-1: Ball 1-1: Ball 2-1: Ball 3-1: Base on Balls Mike Weeks to third Roberto Martínez to second
|
Batting: SHB Marvin MacGeoch
|
0-0: Swinging Strike 0-1: Foul Ball, location: 2F 0-2: Ball 1-2: Strikes out looking
|
Bottom of the 2nd over - 2 run(s), 4 hit(s), 1 error(s), 3 left on base; Temiskaming District Secondary School 2 - Jeffersonville-Youngsville Central HS 2 |
TOP OF THE 3RD |
Temiskaming District Secondary School Saints batting - Pitching for Jeffersonville-Youngsville Central HS Trojans : RHP John Ashe
|
Batting: RHB George Gardner
|
0-0: Ball 1-0: Ball 2-0: Ball 3-0: Base on Balls
|
Batting: RHB Beau McNeill
|
0-0: Ball 1-0: Foul Ball, location: 2F 1-1: Ground out 3-1 (Groundball, 34) George Gardner to second
|
Batting: RHB Fred Moulds
|
0-0: Ball 1-0: Foul Ball, location: 2F 1-1: Called Strike George Gardner is caught stealing 3rd base 1-2: Ball 2-2: Ball 3-2: Foul Ball, location: 2F 3-2: Foul Ball, location: 2F 3-2: SINGLE (Groundball, 56S)
|
Batting: RHB Walt Miller
|
0-0: Ball 1-0: Foul Ball, location: 2F 1-1: Swinging Strike 1-2: Strikes out swinging
|
Top of the 3rd over - 0 run(s), 1 hit(s), 0 error(s), 1 left on base; Temiskaming District Secondary School 2 - Jeffersonville-Youngsville Central HS 2 |
BOTTOM OF THE 3RD |
Jeffersonville-Youngsville Central HS Trojans batting - Pitching for Temiskaming District Secondary School Saints : RHP Steve Harris
|
Batting: LHB Abel Wheeler
|
0-0: Ball 1-0: Ball 2-0: Called Strike 2-1: Ball 3-1: Ground out 6-3 (Groundball, 6)
|
Batting: LHB Allen Boyd
|
0-0: Ball 1-0: Ball 2-0: Ball 3-0: Base on Balls
|
Batting: RHB Tim Richard
|
0-0: Foul Ball, location: 2F 0-1: Ball 1-1: Swinging Strike 1-2: SINGLE (Line Drive, 4D) Allen Boyd to second
|
Batting: RHB Carlos Rosa
|
0-0: Grounds into double play, 6-4-3 (Groundball, 56)
|
Bottom of the 3rd over - 0 run(s), 1 hit(s), 0 error(s), 1 left on base; Temiskaming District Secondary School 2 - Jeffersonville-Youngsville Central HS 2 |
TOP OF THE 4TH |
Temiskaming District Secondary School Saints batting - Pitching for Jeffersonville-Youngsville Central HS Trojans : RHP John Ashe
|
Batting: LHB Carlos Músquez
|
0-0: Swinging Strike 0-1: Ball 1-1: Ball 2-1: Ball 3-1: SINGLE (Groundball, 25) (infield hit)
|
Batting: RHB Bob Ferguson
|
0-0: Called Strike 0-1: Swinging Strike 0-2: Strikes out swinging
|
Batting: RHB John Weber
|
0-0: Ball 1-0: Foul Ball, location: 2F 1-1: Swinging Strike 1-2: Foul Ball, location: 2F 1-2: Ball 2-2: Ball 3-2: Strikes out swinging
|
Batting: RHB Elliott Short
|
0-0: Ball 1-0: SINGLE (Line Drive, 6M) Carlos Músquez to second
|
Batting: RHB José Ramírez
|
0-0: Ball 1-0: Ball 2-0: Called Strike 2-1: Ball 3-1: Base on Balls Carlos Músquez to third Elliott Short to second
|
Batting: RHB George Gardner
|
0-0: Ball 1-0: Foul Ball, location: 2F 1-1: Swinging Strike 1-2: Ball 2-2: Ball 3-2: Foul Ball, location: 2F 3-2: Base on Balls Carlos Músquez scores Elliott Short to third José Ramírez to second
|
Batting: RHB Beau McNeill
|
0-0: Foul Ball, location: 2F 0-1: Called Strike 0-2: Ball 1-2: Strikes out swinging
|
Top of the 4th over - 1 run(s), 2 hit(s), 0 error(s), 3 left on base; Temiskaming District Secondary School 3 - Jeffersonville-Youngsville Central HS 2 |
BOTTOM OF THE 4TH |
Jeffersonville-Youngsville Central HS Trojans batting - Pitching for Temiskaming District Secondary School Saints : RHP Steve Harris
|
Batting: RHB William Gilmore
|
0-0: Foul Ball, location: 2F 0-1: Ball 1-1: Foul Ball, location: 2F 1-2: Ball 2-2: Strikes out swinging
|
Batting: RHB Mike Weeks
|
0-0: Called Strike 0-1: Ball 1-1: Foul Ball, location: 2F 1-2: Foul Ball, location: 2F 1-2: DOUBLE (Line Drive, 89XD)
|
Batting: LHB Roberto Martínez
|
0-0: Fly out, F5 (Popup, 5F)
|
Batting: RHB Albert Smedley
|
0-0: Ball 1-0: Called Strike 1-1: SINGLE (Groundball, 56) Mike Weeks to third Runner from 3rd tries for Home, SAFE, no throw or cutoff
|
Batting: SHB Marvin MacGeoch
|
0-0: Called Strike 0-1: Ball 1-1: Foul Ball, location: 2F 1-2: Hit by Pitch Albert Smedley to second
|
Pitching: RHP George Smith
|
|
Batting: LHB Abel Wheeler
|
0-0: Fly out, F9 (Popup, 9S)
|
Bottom of the 4th over - 1 run(s), 2 hit(s), 0 error(s), 2 left on base; Temiskaming District Secondary School 3 - Jeffersonville-Youngsville Central HS 3 |
TOP OF THE 5TH |
Temiskaming District Secondary School Saints batting - Pitching for Jeffersonville-Youngsville Central HS Trojans : RHP John Ashe
|
Batting: RHB Fred Moulds
|
0-0: Ball 1-0: Ground out 5-3 (Groundball, 5)
|
Pitching: RHP Dan McCullough
|
|
Batting: RHB Walt Miller
|
0-0: Ball 1-0: Ball 2-0: Ground out 5-3 (Groundball, 5)
|
Batting: LHB Carlos Músquez
|
0-0: Called Strike 0-1: Foul Ball, location: 2F 0-2: Ball 1-2: Foul Ball, location: 2F 1-2: Foul Ball, location: 2F 1-2: Strikes out swinging
|
Top of the 5th over - 0 run(s), 0 hit(s), 0 error(s), 0 left on base; Temiskaming District Secondary School 3 - Jeffersonville-Youngsville Central HS 3 |
BOTTOM OF THE 5TH |
Jeffersonville-Youngsville Central HS Trojans batting - Pitching for Temiskaming District Secondary School Saints : RHP George Smith
|
Batting: LHB Allen Boyd
|
0-0: Ball 1-0: Ball 2-0: Foul Ball, location: 2F 2-1: Ground out U3 (Groundball, 3L)
|
Batting: RHB Tim Richard
|
0-0: Reached on error, E5 (Groundball, 56S)
|
Batting: RHB Carlos Rosa
|
0-0: Ball 1-0: Ball 2-0: Ball 3-0: Base on Balls Tim Richard to second
|
Batting: RHB William Gilmore
|
0-0: Ball 1-0: Swinging Strike 1-1: SINGLE (Groundball, 5S) (infield hit) Tim Richard to third Carlos Rosa to second
|
Batting: RHB Mike Weeks
|
0-0: Ball 1-0: Called Strike 1-1: Ball 2-1: Grounds into double play, 5-4-3 (Groundball, 5)
|
Bottom of the 5th over - 0 run(s), 1 hit(s), 1 error(s), 2 left on base; Temiskaming District Secondary School 3 - Jeffersonville-Youngsville Central HS 3 |
TOP OF THE 6TH |
Temiskaming District Secondary School Saints batting - Pitching for Jeffersonville-Youngsville Central HS Trojans : RHP Dan McCullough
|
Batting: RHB Bob Ferguson
|
0-0: Swinging Strike 0-1: Ball 1-1: Swinging Strike Single, Error in OF, E9, batter to second base
|
Batting: RHB John Weber
|
0-0: Foul Ball, location: 2F 0-1: Ball 1-1: Swinging Strike 1-2: Ball 2-2: Strikes out swinging
|
Batting: RHB Elliott Short
|
0-0: Ground out 4-3 (Groundball, 34) Bob Ferguson to third
|
Batting: RHB José Ramírez
|
0-0: Foul Ball, location: 2F 0-1: Swinging Strike 0-2: Ball 1-2: Foul Ball, location: 2F 1-2: Strikes out looking
|
Top of the 6th over - 0 run(s), 1 hit(s), 1 error(s), 1 left on base; Temiskaming District Secondary School 3 - Jeffersonville-Youngsville Central HS 3 |
BOTTOM OF THE 6TH |
Jeffersonville-Youngsville Central HS Trojans batting - Pitching for Temiskaming District Secondary School Saints : RHP George Smith
|
Batting: LHB Roberto Martínez
|
0-0: Ball 1-0: Fly out, F8 (Line Drive, 8RM)
|
Batting: RHB Albert Smedley
|
0-0: Reached on error, E6 (Groundball, 6M)
|
Batting: SHB Marvin MacGeoch
|
0-0: Ball 1-0: Foul Ball, location: 2F 1-1: Ball Albert Smedley steals 2nd base 2-1: Ball 3-1: Foul Ball, location: 2F 3-2: Foul Ball, location: 2F 3-2: Foul Ball, location: 2F 3-2: SINGLE (Groundball, 15S) (infield hit) Albert Smedley to third
|
Batting: LHB Abel Wheeler
|
0-0: Called Strike 0-1: Ball 1-1: Ball 2-1: Ball 3-1: SINGLE (Line Drive, 56D) Albert Smedley scores Marvin MacGeoch to second
|
Batting: LHB Allen Boyd
|
0-0: Called Strike 0-1: Foul Ball, location: 2F 0-2: Ball 1-2: Foul Ball, location: 2F 1-2: Foul Ball, location: 2F 1-2: Ball 2-2: Ball 3-2: Ground out U3 (Groundball, 3S) Marvin MacGeoch to third Abel Wheeler to second
|
Batting: RHB Tim Richard
|
0-0: Ball 1-0: Called Strike 1-1: SINGLE (Line Drive, 6MD) Marvin MacGeoch scores Abel Wheeler to third Runner from 3rd tries for Home, SAFE, no throw or cutoff
|
Batting: RHB Carlos Rosa
|
0-0: Called Strike 0-1: Ball 1-1: Foul Ball, location: 2F 1-2: Ball 2-2: Ball 3-2: Ground out 5-3 (Groundball, 5S)
|
Bottom of the 6th over - 3 run(s), 3 hit(s), 1 error(s), 1 left on base; Temiskaming District Secondary School 3 - Jeffersonville-Youngsville Central HS 6 |
TOP OF THE 7TH |
Temiskaming District Secondary School Saints batting - Pitching for Jeffersonville-Youngsville Central HS Trojans : RHP Dan McCullough
|
Batting: RHB George Gardner
|
0-0: Ball 1-0: Ball 2-0: Ball 3-0: Called Strike 3-1: Swinging Strike 3-2: Strikes out swinging
|
Pitching: RHP Gary Sonier
|
|
Batting: RHB Beau McNeill
|
0-0: Ball 1-0: Foul Ball, location: 2F 1-1: Ball 2-1: Foul Ball, location: 2F 2-2: Foul Ball, location: 2F 2-2: Strikes out swinging
|
Batting: RHB Fred Moulds
|
0-0: Ball 1-0: Fly out, F3 (Popup, 3SF)
|
Top of the 7th over - 0 run(s), 0 hit(s), 0 error(s), 0 left on base; Temiskaming District Secondary School 3 - Jeffersonville-Youngsville Central HS 6 |
BOTTOM OF THE 7TH |
Jeffersonville-Youngsville Central HS Trojans batting - Pitching for Temiskaming District Secondary School Saints : RHP George Smith
|
Pitching: RHP Roberto Colón
|
|
Batting: RHB William Gilmore
|
0-0: Hit by Pitch
|
Batting: RHB Mike Weeks
|
0-0: Ball 1-0: Bunt missed! 1-1: Ball William Gilmore steals 2nd base
|
Pinch Runner at 2nd Mike McGee:
|
2-1: Sac Bunt - play at first, batter OUT! 1-4 Mike McGee to third
|
Batting: LHB Roberto Martínez
|
0-0: Ball 1-0: Foul Ball, location: 2F 1-1: Called Strike 1-2: Strikes out swinging
|
Batting: RHB Albert Smedley
|
0-0: Fly out, F7 (Flyball, 7M)
|
Bottom of the 7th over - 0 run(s), 0 hit(s), 0 error(s), 1 left on base; Temiskaming District Secondary School 3 - Jeffersonville-Youngsville Central HS 6 |
TOP OF THE 8TH |
Temiskaming District Secondary School Saints batting - Pitching for Jeffersonville-Youngsville Central HS Trojans : RHP Gary Sonier
|
Now at 3B: Mike McGee
|
|
Batting: RHB Walt Miller
|
0-0: Foul Ball, location: 2F 0-1: Ball 1-1: Swinging Strike 1-2: Ball 2-2: SINGLE (Groundball, 56S)
|
Pitching: RHP Max Shepard
|
|
Batting: LHB Carlos Músquez
|
0-0: Ball 1-0: Foul Ball, location: 2F 1-1: Fly out, F8 (Flyball, 8LM)
|
Batting: RHB Bob Ferguson
|
0-0: 2-RUN HOME RUN (Flyball, 7D), Distance : 389 ft
|
Batting: RHB John Weber
|
0-0: Ball 1-0: Foul Ball, location: 2F 1-1: Called Strike 1-2: Ball 2-2: Strikes out swinging
|
Batting: RHB Elliott Short
|
0-0: Swinging Strike 0-1: Ball 1-1: Ball 2-1: SOLO HOME RUN (Flyball, 7LD), Distance : 355 ft
|
Batting: RHB José Ramírez
|
0-0: Called Strike 0-1: Ball 1-1: Called Strike 1-2: Ball 2-2: Strikes out looking
|
Top of the 8th over - 3 run(s), 3 hit(s), 0 error(s), 0 left on base; Temiskaming District Secondary School 6 - Jeffersonville-Youngsville Central HS 6 |
BOTTOM OF THE 8TH |
Jeffersonville-Youngsville Central HS Trojans batting - Pitching for Temiskaming District Secondary School Saints : RHP Roberto Colón
|
Batting: SHB Marvin MacGeoch
|
0-0: Ball 1-0: SINGLE (Groundball, 6M)
|
Batting: LHB Abel Wheeler
|
0-0: Foul Ball, location: 2F 0-1: Ball 1-1: Foul Ball, location: 2F 1-2: Foul Ball, location: 2F 1-2: 2-RUN HOME RUN (Flyball, 9D), Distance : 375 ft
|
Batting: LHB Allen Boyd
|
0-0: Called Strike 0-1: Swinging Strike 0-2: Fly out, F8 (Flyball, 89D)
|
Batting: RHB Tim Richard
|
0-0: Ball 1-0: Foul Ball, location: 2F 1-1: SINGLE (Line Drive, 78M)
|
Batting: RHB Carlos Rosa
|
0-0: Called Strike Tim Richard steals 2nd base 0-1: Ball 1-1: Intentional Walk
|
Batting: RHB Mike McGee
|
0-0: Ball 1-0: Ball 2-0: 3-RUN HOME RUN (Line Drive, 7D), Distance : 410 ft
|
Pitching: RHP Kenneth Williams
|
|
Batting: RHB Mike Weeks
|
0-0: Ball 1-0: Ball 2-0: Called Strike 2-1: Fly out, F9 (Flyball, 9M)
|
Batting: LHB Roberto Martínez
|
0-0: Called Strike 0-1: Ball 1-1: Fly out, F7 (Flyball, 7M)
|
Bottom of the 8th over - 5 run(s), 4 hit(s), 0 error(s), 0 left on base; Temiskaming District Secondary School 6 - Jeffersonville-Youngsville Central HS 11 |
TOP OF THE 9TH |
Temiskaming District Secondary School Saints batting - Pitching for Jeffersonville-Youngsville Central HS Trojans : RHP Max Shepard
|
Now in RF: Albert Hunt
|
|
Batting: RHB George Gardner
|
0-0: Ball 1-0: Ground out 1-3 (Groundball, 15)
|
Batting: RHB Beau McNeill
|
0-0: Ball 1-0: Foul Ball, location: 2F 1-1: SINGLE (Line Drive, 7S)
|
Batting: RHB Fred Moulds
|
0-0: Fly out, F7 (Flyball, 7LM)
|
Batting: RHB Walt Miller
|
0-0: Swinging Strike 0-1: Ball 1-1: Called Strike 1-2: Strikes out swinging
|
Top of the 9th over - 0 run(s), 1 hit(s), 0 error(s), 1 left on base; Temiskaming District Secondary School 6 - Jeffersonville-Youngsville Central HS 11 |
|